TOP OF THE 1ST |
Kansas Jayhawks batting - Pitching for Georgetown Hoyas : RHP Ed Wilkerson
|
Pitching: RHP Ed Wilkerson
|
|
Batting: RHB George Gardner
|
0-0: Foul Ball, location: 2F 0-1: Swinging Strike 0-2: Strikes out looking
|
Batting: RHB Allen Barlow
|
0-0: Ball 1-0: Ball 2-0: Ball 3-0: Base on Balls
|
Batting: RHB Peyton Ryan
|
0-0: Ball 1-0: Foul Ball, location: 2F 1-1: Ball 2-1: Grounds into double play, 4-6-3 (Groundball, 4)
|
Top of the 1st over - 0 run(s), 0 hit(s), 0 error(s), 0 left on base; Kansas 0 - Georgetown 0 |
BOTTOM OF THE 1ST |
Georgetown Hoyas batting - Pitching for Kansas Jayhawks : RHP Duane Deal
|
Pitching: RHP Duane Deal
|
|
Batting: RHB Mitchell Pate
|
0-0: Called Strike 0-1: Ball 1-1: Foul Ball, location: 2F 1-2: Foul Ball, location: 2F 1-2: Ball 2-2: Fly out, F6 (Popup, 56)
|
Batting: RHB Terry Davis
|
0-0: Called Strike 0-1: Ball 1-1: Ball 2-1: Ball 3-1: Foul Ball, location: 2F 3-2: Foul Ball, location: 2F 3-2: Strikes out swinging
|
Batting: LHB Pedro Escobar
|
0-0: Ball 1-0: Ball 2-0: Ball 3-0: Base on Balls
|
Batting: RHB Glenn Rojas
|
0-0: Ball 1-0: Called Strike 1-1: Swinging Strike 1-2: Strikes out looking
|
Bottom of the 1st over - 0 run(s), 0 hit(s), 0 error(s), 1 left on base; Kansas 0 - Georgetown 0 |
TOP OF THE 2ND |
Kansas Jayhawks batting - Pitching for Georgetown Hoyas : RHP Ed Wilkerson
|
Batting: LHB Mike Bowers
|
0-0: Called Strike 0-1: Ball 1-1: Swinging Strike 1-2: Foul Ball, location: 2F 1-2: Ball 2-2: Strikes out swinging
|
Batting: RHB Andrew Jenkins
|
0-0: Ball 1-0: Foul Ball, location: 2F 1-1: Fly out, F7 (Line Drive, 7)
|
Batting: RHB Sidney Gilbert
|
0-0: Ball 1-0: Foul Ball, location: 2F 1-1: Swinging Strike 1-2: Strikes out swinging
|
Top of the 2nd over - 0 run(s), 0 hit(s), 0 error(s), 0 left on base; Kansas 0 - Georgetown 0 |
BOTTOM OF THE 2ND |
Georgetown Hoyas batting - Pitching for Kansas Jayhawks : RHP Duane Deal
|
Batting: RHB Alex Hampton
|
0-0: Ball 1-0: Foul Ball, location: 2F 1-1: Ball 2-1: Foul Ball, location: 2F 2-2: Strikes out swinging
|
Batting: SHB Bob Allen
|
0-0: Ball 1-0: Foul Ball, location: 2F 1-1: Called Strike 1-2: SINGLE (Flyball, 8RM)
|
Batting: RHB Louis Miller
|
0-0: Foul Ball, location: 2F 0-1: Ball 1-1: Foul Ball, location: 2F 1-2: Strikes out swinging
|
Batting: RHB Earl Chase
|
0-0: Foul Ball, location: 2F 0-1: Ball 1-1: Foul Ball, location: 2F 1-2: Foul Ball, location: 2F 1-2: Strikes out looking
|
Bottom of the 2nd over - 0 run(s), 1 hit(s), 0 error(s), 1 left on base; Kansas 0 - Georgetown 0 |
TOP OF THE 3RD |
Kansas Jayhawks batting - Pitching for Georgetown Hoyas : RHP Ed Wilkerson
|
Batting: RHB Tim Hudson
|
0-0: Ground out 6-3 (Groundball, 6)
|
Batting: RHB Mike Hill
|
0-0: Ball 1-0: Bunt missed! 1-1: Swinging Strike 1-2: Ball 2-2: Foul Ball, location: 2F 2-2: Ball 3-2: Strikes out swinging
|
Batting: RHB Félix Chávez
|
0-0: Ball 1-0: Ball 2-0: DOUBLE (Flyball, 89XD)
|
Batting: RHB George Gardner
|
0-0: Hit by Pitch
|
Batting: RHB Allen Barlow
|
0-0: Ball 1-0: Called Strike 1-1: Ball 2-1: Swinging Strike 2-2: Strikes out swinging
|
Top of the 3rd over - 0 run(s), 1 hit(s), 0 error(s), 2 left on base; Kansas 0 - Georgetown 0 |
BOTTOM OF THE 3RD |
Georgetown Hoyas batting - Pitching for Kansas Jayhawks : RHP Duane Deal
|
Batting: RHB Alex Vasser
|
0-0: Fly out, F8 (Flyball, 8RS)
|
Batting: RHB Mitchell Pate
|
0-0: Ball 1-0: Foul Ball, location: 2F 1-1: Ball 2-1: Foul Ball, location: 2F 2-2: Ground out 4-3 (Groundball, 4)
|
Batting: RHB Terry Davis
|
0-0: SINGLE (Line Drive, 6D)
|
Batting: LHB Pedro Escobar
|
0-0: Fielders Choice at 2nd, 4-6 (Groundball, 4)
|
Bottom of the 3rd over - 0 run(s), 1 hit(s), 0 error(s), 0 left on base; Kansas 0 - Georgetown 0 |
TOP OF THE 4TH |
Kansas Jayhawks batting - Pitching for Georgetown Hoyas : RHP Ed Wilkerson
|
Batting: RHB Peyton Ryan
|
0-0: Called Strike 0-1: Ball 1-1: Called Strike 1-2: Ball 2-2: Ball 3-2: Foul Ball, location: 2F 3-2: Foul Ball, location: 2F 3-2: Foul Ball, location: 2F 3-2: Ground out 4-3 (Groundball, 4M)
|
Batting: LHB Mike Bowers
|
0-0: Ball 1-0: Ball 2-0: Foul Ball, location: 2F 2-1: Swinging Strike 2-2: Ball 3-2: Strikes out swinging
|
Batting: RHB Andrew Jenkins
|
0-0: Foul Ball, location: 2F 0-1: Swinging Strike 0-2: Strikes out looking
|
Top of the 4th over - 0 run(s), 0 hit(s), 0 error(s), 0 left on base; Kansas 0 - Georgetown 0 |
BOTTOM OF THE 4TH |
Georgetown Hoyas batting - Pitching for Kansas Jayhawks : RHP Duane Deal
|
Batting: RHB Glenn Rojas
|
0-0: Ball 1-0: Called Strike 1-1: Ball 2-1: Foul Ball, location: 2F 2-2: Foul Ball, location: 2F 2-2: Strikes out swinging
|
Batting: RHB Alex Hampton
|
0-0: Ball 1-0: Foul Ball, location: 2F 1-1: Called Strike 1-2: Foul Ball, location: 2F 1-2: Foul Ball, location: 2F 1-2: Ball 2-2: Fly out, F8 (Flyball, 8LS)
|
Batting: SHB Bob Allen
|
0-0: Called Strike 0-1: Foul Ball, location: 2F 0-2: Fly out, F7 (Flyball, 7)
|
Bottom of the 4th over - 0 run(s), 0 hit(s), 0 error(s), 0 left on base; Kansas 0 - Georgetown 0 |
TOP OF THE 5TH |
Kansas Jayhawks batting - Pitching for Georgetown Hoyas : RHP Ed Wilkerson
|
Batting: RHB Sidney Gilbert
|
0-0: Called Strike 0-1: Ball 1-1: Foul Ball, location: 2F 1-2: Ball 2-2: Foul Ball, location: 2F 2-2: SOLO HOME RUN (Flyball, 7LD), Distance : 336 ft
|
Batting: RHB Tim Hudson
|
0-0: Ball 1-0: SINGLE (Flyball, 78S)
|
Batting: RHB Mike Hill
|
0-0: Reached on error, E3 (Groundball, 3S) Tim Hudson to third
|
Batting: RHB Félix Chávez
|
0-0: Ball 1-0: Foul Ball, location: 2F 1-1: Ball 2-1: Foul Ball, location: 2F 2-2: Foul Ball, location: 2F 2-2: Ball 3-2: Strikes out looking
|
Batting: RHB George Gardner
|
0-0: Ball 1-0: Ball 2-0: Ground out 6-3 (Groundball, 6) Tim Hudson scores
|
Batting: RHB Allen Barlow
|
0-0: Ball 1-0: Swinging Strike Passed Ball! Mike Hill to third 1-1: Foul Ball, location: 2F 1-2: Foul Ball, location: 2F 1-2: Ball 2-2: Foul Ball, location: 2F 2-2: Fly out, F7 (Flyball, 7)
|
Top of the 5th over - 2 run(s), 2 hit(s), 1 error(s), 1 left on base; Kansas 2 - Georgetown 0 |
BOTTOM OF THE 5TH |
Georgetown Hoyas batting - Pitching for Kansas Jayhawks : RHP Duane Deal
|
Batting: RHB Louis Miller
|
0-0: Called Strike 0-1: Ball 1-1: Swinging Strike 1-2: Strikes out looking
|
Batting: RHB Earl Chase
|
0-0: Ball 1-0: Swinging Strike 1-1: Foul Ball, location: 2F 1-2: Strikes out swinging
|
Batting: RHB Alex Vasser
|
0-0: Ball 1-0: Called Strike 1-1: Swinging Strike 1-2: Foul Ball, location: 2F 1-2: Foul Ball, location: 2F 1-2: Foul Ball, location: 2F 1-2: Strikes out looking
|
Bottom of the 5th over - 0 run(s), 0 hit(s), 0 error(s), 0 left on base; Kansas 2 - Georgetown 0 |
TOP OF THE 6TH |
Kansas Jayhawks batting - Pitching for Georgetown Hoyas : RHP Ed Wilkerson
|
Pitching: RHP Jerry Thomas
|
|
Batting: RHB Peyton Ryan
|
0-0: Called Strike 0-1: Ball 1-1: Ball 2-1: Ground out 5-3 (Groundball, 56S)
|
Batting: LHB Mike Bowers
|
0-0: Called Strike 0-1: SOLO HOME RUN (Line Drive, 7D), Distance : 346 ft
|
Batting: RHB Andrew Jenkins
|
0-0: Called Strike 0-1: Ground out 5-3 (Groundball, 56S)
|
Batting: RHB Sidney Gilbert
|
0-0: Ball 1-0: Called Strike 1-1: Foul Ball, location: 2F 1-2: Strikes out looking
|
Top of the 6th over - 1 run(s), 1 hit(s), 0 error(s), 0 left on base; Kansas 3 - Georgetown 0 |
BOTTOM OF THE 6TH |
Georgetown Hoyas batting - Pitching for Kansas Jayhawks : RHP Duane Deal
|
Batting: RHB Mitchell Pate
|
0-0: Ball 1-0: Ground out 5-3 (Groundball, 5S)
|
Pitching: RHP Artie Miller
|
|
Batting: RHB Terry Davis
|
0-0: Called Strike 0-1: Ball 1-1: Swinging Strike 1-2: Fly out, F6 (Popup, 6M)
|
Batting: LHB Pedro Escobar
|
0-0: Foul Ball, location: 2F 0-1: Foul Ball, location: 2F 0-2: Ball 1-2: DOUBLE (Line Drive, 89D)
|
Batting: RHB Glenn Rojas
|
0-0: Called Strike 0-1: Ball 1-1: Foul Ball, location: 2F 1-2: Fly out, F7 (Flyball, 7S)
|
Bottom of the 6th over - 0 run(s), 1 hit(s), 0 error(s), 1 left on base; Kansas 3 - Georgetown 0 |
TOP OF THE 7TH |
Kansas Jayhawks batting - Pitching for Georgetown Hoyas : RHP Jerry Thomas
|
Batting: RHB Tim Hudson
|
0-0: Ball 1-0: Ball 2-0: Fly out, F4 (Popup, 4D)
|
Batting: RHB Mike Hill
|
0-0: Foul Ball, location: 2F 0-1: Swinging Strike 0-2: Ball 1-2: Strikes out swinging
|
Batting: RHB Félix Chávez
|
0-0: Called Strike 0-1: Foul Ball, location: 2F 0-2: Ball 1-2: Ball 2-2: Fly out, F1 (Line Drive, 15)
|
Top of the 7th over - 0 run(s), 0 hit(s), 0 error(s), 0 left on base; Kansas 3 - Georgetown 0 |
BOTTOM OF THE 7TH |
Georgetown Hoyas batting - Pitching for Kansas Jayhawks : RHP Artie Miller
|
Batting: RHB Alex Hampton
|
0-0: Ball 1-0: Ball 2-0: Foul Ball, location: 2F 2-1: Foul Ball, location: 2F 2-2: Fly out, F7 (Flyball, 7S)
|
Batting: SHB Bob Allen
|
0-0: Ball 1-0: Foul Ball, location: 2F 1-1: Called Strike 1-2: Ball 2-2: Ball 3-2: Base on Balls
|
Batting: RHB Louis Miller
|
0-0: SINGLE (Flyball, 8RS) Bob Allen to second
|
Batting: RHB Earl Chase
|
0-0: Called Strike 0-1: Ball 1-1: Foul Ball, location: 2F 1-2: Ball 2-2: Foul Ball, location: 2F 2-2: Ball 3-2: Fly out, F6 (Popup, 6)
|
Batting: RHB Alex Vasser
|
0-0: Called Strike 0-1: Swinging Strike 0-2: Foul Ball, location: 2F 0-2: Ball 1-2: Foul Ball, location: 2F 1-2: Fielders Choice at 2nd, 6-4 (Groundball, 6)
|
Bottom of the 7th over - 0 run(s), 1 hit(s), 0 error(s), 1 left on base; Kansas 3 - Georgetown 0 |
TOP OF THE 8TH |
Kansas Jayhawks batting - Pitching for Georgetown Hoyas : RHP Jerry Thomas
|
Batting: RHB George Gardner
|
0-0: Ball 1-0: Foul Ball, location: 2F 1-1: Foul Ball, location: 2F 1-2: Ball 2-2: Ground out 5-3 (Groundball, 56S)
|
Batting: RHB Allen Barlow
|
0-0: Swinging Strike 0-1: Ball 1-1: Ball 2-1: Ball 3-1: Base on Balls
|
Batting: RHB Peyton Ryan
|
0-0: Ball 1-0: Foul Ball, location: 2F 1-1: Fielders Choice at 2nd, 3-6 (Groundball, 34)
|
Batting: LHB Mike Bowers
|
0-0: Foul Ball, location: 2F 0-1: Ball 1-1: SINGLE (Flyball, 8LS) Peyton Ryan to second
|
Batting: RHB Andrew Jenkins
|
0-0: Ball 1-0: Ball 2-0: Single, Error in OF, E8, batter to second base Peyton Ryan scores Mike Bowers to third
|
Batting: RHB Sidney Gilbert
|
0-0: Called Strike 0-1: Foul Ball, location: 2F 0-2: SINGLE (Groundball, 6D) Mike Bowers scores Andrew Jenkins to third Runner from 3rd tries for Home, SAFE, no throw
|
Pitching: LHP Melvin Vásquez
|
|
Batting: RHB Tim Hudson
|
0-0: Called Strike 0-1: Ball 1-1: Foul Ball, location: 2F 1-2: Ball 2-2: TRIPLE (Flyball, 8RD) Sidney Gilbert scores
|
Batting: RHB Mike Hill
|
0-0: Ball 1-0: Ball 2-0: Ball 3-0: Base on Balls
|
Batting: RHB Félix Chávez
|
0-0: Foul Ball, location: 2F 0-1: Ball 1-1: Ball 2-1: Swinging Strike 2-2: Strikes out looking
|
Top of the 8th over - 4 run(s), 4 hit(s), 1 error(s), 2 left on base; Kansas 7 - Georgetown 0 |
BOTTOM OF THE 8TH |
Georgetown Hoyas batting - Pitching for Kansas Jayhawks : RHP Artie Miller
|
Batting: RHB Mitchell Pate
|
0-0: Swinging Strike 0-1: Ball 1-1: Ball 2-1: Foul Ball, location: 2F 2-2: Strikes out swinging
|
Batting: RHB Terry Davis
|
0-0: Ball 1-0: Foul Ball, location: 2F 1-1: Ground out 4-3 (Groundball, 4S)
|
Batting: LHB Pedro Escobar
|
0-0: Ball 1-0: Ball 2-0: Called Strike 2-1: Foul Ball, location: 2F 2-2: Ball 3-2: Base on Balls
|
Batting: RHB Glenn Rojas
|
0-0: Ball 1-0: Swinging Strike 1-1: Foul Ball, location: 2F 1-2: Ball 2-2: DOUBLE (Groundball, 3L) Pedro Escobar to third
|
Batting: RHB Alex Hampton
|
0-0: Ball 1-0: Ball 2-0: Ball 3-0: Base on Balls
|
Batting: SHB Bob Allen
|
0-0: Ball 1-0: Called Strike 1-1: Foul Ball, location: 2F 1-2: Ground out 4-3 (Groundball, 4S)
|
Bottom of the 8th over - 0 run(s), 1 hit(s), 0 error(s), 3 left on base; Kansas 7 - Georgetown 0 |
TOP OF THE 9TH |
Kansas Jayhawks batting - Pitching for Georgetown Hoyas : LHP Melvin Vásquez
|
Batting: RHB George Gardner
|
0-0: Called Strike 0-1: Ball 1-1: SINGLE (Line Drive, 9LS)
|
Batting: RHB Allen Barlow
|
0-0: Called Strike 0-1: Called Strike 0-2: Ball 1-2: Foul Ball, location: 2F 1-2: Ball 2-2: Fly out, F9 (Flyball, 9LSF)
|
Batting: RHB Peyton Ryan
|
0-0: Ball George Gardner is caught stealing 2nd base 1-0: Ball 2-0: DOUBLE (Line Drive, 8RD)
|
Batting: LHB Mike Bowers
|
0-0: Called Strike 0-1: Ball 1-1: Fly out, F8 (Flyball, 89M)
|
Top of the 9th over - 0 run(s), 2 hit(s), 0 error(s), 1 left on base; Kansas 7 - Georgetown 0 |
BOTTOM OF THE 9TH |
Georgetown Hoyas batting - Pitching for Kansas Jayhawks : RHP Artie Miller
|
Pitching: RHP Jim Allen
|
|
Now at C: José Juárez
|
|
Batting: RHB Louis Miller
|
0-0: Ball 1-0: Ball 2-0: Ball 3-0: Base on Balls
|
Batting: RHB Earl Chase
|
0-0: Ball 1-0: Swinging Strike 1-1: Foul Ball, location: 2F 1-2: Strikes out swinging
|
Batting: RHB Alex Vasser
|
0-0: Ball 1-0: Ball 2-0: Foul Ball, location: 2F 2-1: Ball 3-1: Called Strike 3-2: Base on Balls Louis Miller to second
|
Batting: RHB Mitchell Pate
|
0-0: Ball 1-0: Foul Ball, location: 2F 1-1: Foul Ball, location: 2F 1-2: Foul Ball, location: 2F 1-2: Ball 2-2: Ball 3-2: Base on Balls Louis Miller to third Alex Vasser to second
|
Batting: RHB Terry Davis
|
0-0: Called Strike 0-1: Swinging Strike 0-2: Grounds into double play, 5-4-3 (Groundball, 56)
|
Bottom of the 9th over - 0 run(s), 0 hit(s), 0 error(s), 2 left on base; Kansas 7 - Georgetown 0 |
|